 Dungeon Crawl Stone Soup version 0.18.1-48-g4cf74bf (webtiles) character file.

132869 Peloso the Fencer (level 16, 0/149 HPs)
             Began as a Minotaur Fighter on July 22, 2016.
             Was a High Priest of Okawaru.
             Slain by a water elemental (6 damage)
             ... on level 4 of the Shoals.
             The game lasted 01:42:55 (29935 turns).

Peloso the Fencer (Minotaur Fighter)               Turns: 29935, Time: 01:42:56

Health: 0/149      AC: 35    Str: 28    XL:     16   Next: 58%
Magic:  16/16      EV: 14    Int: 10    God:    Okawaru [*****.]
Gold:   2238       SH: 12    Dex: 20    Spells: 0 memorised, 15 levels left

rFire  + . .     SeeInvis .     Q - +5 demon blade (venom)
rCold  . . .     Gourm    .     c - +1 crystal plate armour "Zoikae" {rN+ rCorr Int+2}
rNeg   + . .     Faith    .     s - +1 buckler {AC+3}
rPois  .         Spirit   .     (helmet unavailable)
rElec  .         Dismiss  .     C - +1 cloak {MR+}
rCorr  +         Reflect  +     z - +1 pair of gloves of Hopscotch {rF+ Dex+6}
SustAt .         Harm     .     u - +2 pair of boots {Fly}
MR     ++...                    J - amulet of Charity {Reflect Int+3 SH+2}
Stlth  ..........               (no ring)
                                y - +4 ring of strength

@: engulfed (cannot breathe), flying, mesmerised, drained, very resistant to
hostile enchantments, extremely unstealthy
A: retaliatory headbutt, horns 3
a: Heroism, Finesse, Renounce Religion, Stop Flying


You were on level 4 of the Shoals.
You worshipped Okawaru.
Okawaru was extremely pleased with you.
You were hungry.

You visited 5 branches of the dungeon, and saw 30 of its levels.
You also visited: Volcano.

You collected 3290 gold pieces.
You spent 1052 gold pieces at shops.

Inventory:

Hand Weapons
 a - a +4 scimitar of flaming
 h - a +2 double sword of holy wrath
 Q - a +5 demon blade of venom (weapon)
Armour
 c - the +1 crystal plate armour "Zoikae" (worn) {rN+ rCorr Int+2}
   (Okawaru gifted it to you on level 8 of the Lair of Beasts)

   It affects your intelligence (+2).
   It protects you from negative energy.
   It protects you from acid and corrosion.
 s - a +1 buckler of protection (worn)
 u - a +2 pair of boots of flying (worn)
 z - the +1 pair of gloves of Hopscotch (worn) {rF+ Dex+6}
   (Okawaru gifted it to you on level 4 of the Lair of Beasts)

   It affects your dexterity (+6).
   It protects you from fire.
 C - a +1 cloak of magic resistance (worn)
Jewellery
 w - an uncursed ring of protection from magic
 x - an uncursed amulet of faith
 y - a +4 ring of strength (left hand)
 H - the amulet of the Four Winds {rN+ MR+++ Clar}
   (You bought it in a shop on level 1 of the Orcish Mines)

   [amulet of nothing]

   It protects you from negative energy.
   It affects your resistance to hostile enchantments.
   It protects you against confusion.
 J - the amulet of Charity (around neck) {Reflect Int+3 SH+2}
   (You bought it in a shop on level 1 of the Orcish Mines)

   [amulet of reflection]

   It shields you and reflects attacks.
   It affects your intelligence (+3).
   It affects your SH (+2).
 O - a +4 ring of strength
Wands
 g - a wand of disintegration (8/24)
 A - a wand of heal wounds (4/9)
 M - a wand of digging (16/24)
 P - a wand of teleportation (7/9)
Scrolls
 e - 2 scrolls of enchant weapon
 l - 6 scrolls of recharging
 o - 4 scrolls of blinking
 E - 6 scrolls of remove curse
 F - 4 scrolls of fog
 I - 4 scrolls of teleportation
 T - 2 scrolls of summoning
 W - 2 scrolls of magic mapping
 Y - 2 scrolls of enchant armour
 Z - 2 scrolls of fear
Potions
 d - 2 potions of might
 i - a potion of curing
 k - 2 potions of berserk rage
 n - 2 potions of invisibility
 p - 2 potions of resistance
 v - 5 potions of agility
 G - 3 potions of lignification {unknown}
 K - a potion of haste {unknown}
 S - 2 potions of ambrosia {unknown}
 U - 5 potions of heal wounds {unknown}
 X - 5 potions of flight {unknown}
Comestibles
 b - 3 chunks of flesh
 f - 17 bread rations
 j - 9 beef jerkies
 m - a royal jelly
 r - 17 fruits
 D - 3 slices of pizza
 L - 6 meat rations


   Skills:
 + Level 15.4(15.1) Fighting
 + Level 18.0(17.7) Long Blades
 + Level 14.5(14.2) Armour
 + Level 12.2(11.9) Dodging
 + Level 2.4(2.1) Stealth
 + Level 17.2(16.9) Shields
 + Level 1.7(1.4) Invocations


You had 15 spell levels left.
You didn't know any spells.

Dungeon Overview and Level Annotations

Branches:
Dungeon (15/15)            Temple (1/1) D:5            Lair (8/8) D:11
 Shoals (4/4) Lair:5        Snake (0/4) Lair:4        Slime (0/6) Lair:6
    Orc (2/2) D:10            Elf (0/3) Orc:2        Vaults (0/5) D:14
 Depths (0/5) D:15

Altars:
Ashenzari
Cheibriados
Dithmenos
Kikubaaqudgha
Nemelex Xobeh
Okawaru
Pakellas
Qazlal
Sif Muna
Trog
Vehumet
Xom
Yredelemnul
The Shining One
Beogh
Jiyva

Shops:
D:4 *   Orc:1 =   Orc:2 ((*[:

Annotations:
Shoals:4 Ilsuiw


Innate Abilities, Weirdness & Mutations

You reflexively headbutt those who attack you in melee.
You have a pair of large horns on your head.


Message History

The merfolk aquamancer looks even sicker.
The merfolk aquamancer is moderately wounded.
* * * LOW HITPOINT WARNING * * *
Your lungs strain for air!
The water elemental hits you.
* * * LOW HITPOINT WARNING * * *
You block the water elemental's attack.
The merfolk avatar chants its luring song.
Drink which item? (? for menu, Esc to quit)
You feel better.
* * * LOW HITPOINT WARNING * * *
Your lungs strain for air!
Ilsuiw appears from thin air!
Reactivating autopickup.
The merfolk closely misses you. You block the water elemental's attack.
You block the merfolk aquamancer's attack.
The siren chants its luring song.
You block the water elemental's attack. Ilsuiw hits you but does no damage.
The water elemental hits you. x2
You die...

.# #.≈ ≈P≈PP≈ ...≈.
≈≈≈PPP c#.. ≈≈≈≈P≈
...##≈≈≈P≈≈≈≈≈≈≈
m#m≈≈≈≈≈P≈≈≈≈≈≈≈ . #
##Em≈≈≈≈≈≈≈≈≈≈≈≈≈≈
...#≈#@Em)P..≈≈≈≈≈≈≈≈≈≈
#.c..EmE(..P≈≈P≈P≈≈≈≈≈≈
≈.≈≈≈..E(.....≈≈≈≈≈≈≈≈≈≈
≈).≈≈≈.....).≈≈≈≈≈≈≈≈≈≈≈
≈≈..m≈....(≈.≈≈≈≈≈≈≈≈≈≈≈
≈≈≈≈≈≈.≈.$.≈≈≈≈)≈≈≈≈≈≈≈≈
.?.≈≈≈.....≈≈≈≈≈(≈≈≈≈≈≈≈
....≈.....≈≈≈≈≈≈≈≈≈≈≈≈≈≈
...≈≈##...≈≈≈≈≈≈≈≈≈≈≈≈≈


You could see Ilsuiw, a merfolk avatar, a merfolk aquamancer, a merfolk, a faun,
5 water elementals and a siren.

Vanquished Creatures
  Saint Roka (Orc:2)
  2 krakens (Shoals:2)
  Frances (D:14)
  An emperor scorpion (D:15)
  6 dire elephants
  A merfolk javelineer (Shoals:4)
  Snorg (D:13)
  2 ogre magi (D:15)
  3 merfolk impalers (Shoals:3)
  8 hydras
  Erica (Orc:1)
  A merfolk avatar (Shoals:4)
  A death knight (D:14)
  2 catoblepae
  2 centaur warriors (D:13)
  2 merfolk aquamancers (Shoals:4)
  2 dancing weapons (D:14)
  An anaconda (Lair:8)
  16 death yaks
  3 satyrs
  An orc high priest (Orc:2)
  Nergalle (Orc:1)
  A deep elf knight (Volcano)
  9 skeletal warriors
  3 sea snakes
  2 unseen horrors
  4 harpies (Shoals:2)
  A lindwurm (Lair:5)
  6 orc knights
  3 hill giants
  4 orc sorcerers (Orc:2)
  3 oklob plants
  5 deep elf magi
  8 fauns
  3 ugly things
  5 slime creatures
  5 manticores
  6 griffons
  4 cyclopes
  11 elephants
  6 sirens
  2 water nymphs
  3 gargoyles
  4 black mambas
  14 spiny frogs
  3 centaur skeletons
  A rime drake (Lair:7)
  A freezing wraith (D:14)
  6 komodo dragons
  An efreet (D:14)
  A tengu conjurer (D:14)
  16 merfolk
  10 trolls
  A wind drake (Shoals:1)
  6 two-headed ogres
  3 polar bears
  Grinder (D:3)
  8 blink frogs
  5 snapping turtles
  A shadow (D:13)
  7 water elementals
  A centaur simulacrum (D:14)
  A vampire (D:14)
  3 wraiths (D:14)
  8 wyverns
  29 yaks
  A human (shapeshifter) (D:13)
  3 basilisks
  5 fire bats (Volcano)
  14 hippogriffs
  A steam dragon (D:9)
  2 hungry ghosts
  2 hell hounds (D:11)
  3 wargs
  5 nagas (Lair:4)
  12 water moccasins
  24 orc warriors
  12 porcupines
  7 sky beasts
  2 wasps
  5 ice beasts
  2 black bears
  An eye of draining (shapeshifter) (D:13)
  4 phantoms
  15 ogres
  2 eyes of draining
  11 centaurs
  6 wolves (Lair:5)
  13 crocodiles
  3 big kobolds
  A gnoll sergeant (D:8)
  34 giant frogs
  A wyvern skeleton (D:4)
  A water moccasin skeleton (D:8)
  9 scorpions
  7 wights
  9 killer bees (D:11)
  7 electric eels
  A howler monkey (D:7)
  6 lava snakes (Volcano)
  2 giant frog zombies
  3 crimson imps
  10 jellies
  3 centaur zombies
  A quasit (D:9)
  13 orc priests
  4 giant frog skeletons
  11 hounds
  A human zombie (D:5)
  14 iguanas
  Ijyb (D:3)
  31 orc wizards
  Natasha (D:2)
  8 worker ants
  9 hell rats
  26 sheep
  3 worker ant zombies
  9 gnolls
  A howler monkey skeleton (D:10)
  13 adders
  74 river rats
  3 shadow imps
  An adder zombie (D:5)
  An ooze (D:2)
  An adder skeleton (D:7)
  3 worms
  3 dart slugs
  5 giant geckos
  72 orcs
  2 ball pythons
  4 giant cockroaches
  3 goblins (D:1)
  5 hobgoblins
  17 jackals
  23 kobolds
  3 quokkas
  12 bats
  6 giant newts
  9 rats
  A fungus (Lair:5)
  13 plants
940 creatures vanquished.

Vanquished Creatures (others)
  A satyr (Shoals:4)
  An ogre (Orc:1)
  An orc wizard (D:10)
  A bush (Lair:8)
  12 fungi
  12 plants
  8 tentacles (Shoals:2)
  46 tentacle segments (Shoals:2)
82 creatures vanquished.

Grand Total: 1022 creatures vanquished

Notes
Turn   | Place    | Note
--------------------------------------------------------------
     0 | D:1      | Peloso the Minotaur Fighter began the quest for the Orb.
     0 | D:1      | Reached XP level 1. HP: 19/19 MP: 0/0
   100 | D:1      | Reached XP level 2. HP: 23/27 MP: 1/1
   682 | D:2      | Reached XP level 3. HP: 33/33 MP: 2/2
   823 | D:2      | Reached skill level 3 in Long Blades
   919 | D:2      | Reached XP level 4. HP: 36/41 MP: 3/3
  1227 | D:2      | Noticed Natasha
  1242 | D:2      | Killed Natasha
  1242 | D:2      | Reached skill level 1 in Dodging
  1500 | D:3      | Noticed Grinder
  1520 | D:3      | Killed Grinder
  1520 | D:3      | Reached skill level 4 in Long Blades
  1520 | D:3      | Reached skill level 5 in Armour
  1520 | D:3      | Reached skill level 5 in Shields
  1520 | D:3      | Reached XP level 5. HP: 31/47 MP: 4/4
  1520 | D:3      | Reached XP level 6. HP: 35/53 MP: 5/5
  1590 | D:3      | Noticed Ijyb
  1597 | D:3      | Killed Ijyb
  1797 | D:3      | Found a shimmering altar of Xom.
  2396 | D:4      | Found Goijaj's Serpentskin Sales.
  2396 | D:4      | Noticed a water moccasin
  2396 | D:4      | Noticed a water moccasin
  2407 | D:4      | Killed a water moccasin
  2407 | D:4      | Reached skill level 5 in Fighting
  2407 | D:4      | Reached XP level 7. HP: 57/61 MP: 6/6
  2745 | D:4      | Reached skill level 5 in Long Blades
  2813 | D:4      | Found a sparkling altar of Nemelex Xobeh.
  2813 | D:4      | Found a basalt altar of Yredelemnul.
  2901 | D:5      | Entered Level 5 of the Dungeon
  3122 | D:5      | Found a runed door.
  3122 | D:5      | Noticed a human
  3170 | D:5      | Found a basalt altar of Yredelemnul.
  3341 | D:5      | Reached XP level 8. HP: 68/70 MP: 7/7
  3524 | D:5      | Found a staircase to the Ecumenical Temple.
  3553 | Temple   | Entered the Ecumenical Temple
  3642 | Temple   | Became a worshipper of Warmaster Okawaru
  3968 | D:5      | Found a snail-covered altar of Cheibriados.
  4265 | D:6      | Found a deep blue altar of Sif Muna.
  4423 | D:6      | Reached skill level 6 in Long Blades
  4719 | D:7      | Reached * piety under Okawaru
  4898 | D:7      | Reached XP level 9. HP: 63/75 MP: 8/8
  5108 | D:7      | Found an oddly glowing altar of Pakellas.
  5182 | D:7      | Reached ** piety under Okawaru
  5267 | D:8      | Reached skill level 7 in Long Blades
  6288 | D:8      | Reached skill level 5 in Dodging
  6797 | D:8      | Killed a large slime creature
  6797 | D:8      | Reached XP level 10. HP: 45/88 MP: 9/9
  7023 | D:8      | Reached skill level 8 in Long Blades
  7034 | D:9      | Reached *** piety under Okawaru
  7083 | D:9      | Got a translucent scale mail
  7113 | D:9      | Reached skill level 10 in Armour
  7120 | D:9      | Found a shattered altar of Ashenzari.
  7365 | D:9      | Noticed a hill giant
  7380 | D:9      | Killed a hill giant
  7393 | D:9      | Reached skill level 10 in Shields
  7867 | D:9      | Reached skill level 9 in Long Blades
  8198 | D:9      | Reached **** piety under Okawaru
  8211 | D:10     | Entered Level 10 of the Dungeon
  8211 | D:10     | Found a staircase to the Orcish Mines.
  8233 | D:10     | Killed an unseen horror
  8233 | D:10     | Reached skill level 1 in Stealth
  8569 | D:10     | Noticed a hill giant
  8578 | D:10     | Killed a hill giant
  8582 | D:10     | Reached XP level 11. HP: 75/95 MP: 10/10
  9434 | D:10     | Reached skill level 10 in Long Blades
  9612 | D:10     | Identified the cursed +1 scale mail of Defence {-Cast rN+++ Regen+ Slay+6} (You found it on level 9 of the Dungeon)
 10313 | D:11     | Reached skill level 1 in Invocations
 10328 | D:11     | Reached ***** piety under Okawaru
 10411 | D:11     | Found a staircase to the Lair.
 10527 | D:11     | Found a snail-covered altar of Cheibriados.
 11697 | D:12     | Received a gift from Okawaru
 11810 | D:12     | Noticed a brown ugly thing
 11826 | D:12     | Killed a brown ugly thing
 12024 | D:12     | Noticed a green ugly thing
 12035 | D:12     | Killed a green ugly thing
 12113 | D:13     | Noticed a hill giant
 12115 | D:13     | Noticed a deep elf mage
 12124 | D:12     | Killed a hill giant
 12124 | D:12     | Reached skill level 11 in Long Blades
 12262 | D:13     | Killed a deep elf mage
 12262 | D:13     | Reached skill level 10 in Fighting
 12448 | D:13     | Noticed a brown ugly thing
 12451 | D:13     | Noticed a centaur warrior
 12454 | D:13     | Killed a brown ugly thing
 12454 | D:13     | Reached XP level 12. HP: 88/106 MP: 11/11
 12462 | D:13     | Killed a centaur warrior
 12487 | D:13     | Noticed Snorg
 12496 | D:13     | Killed Snorg
 12865 | D:13     | Noticed a centaur warrior
 12873 | D:13     | Killed a centaur warrior
 12873 | D:13     | Reached ****** piety under Okawaru
 12873 | D:13     | Reached skill level 12 in Long Blades
 13104 | Lair:1   | Entered Level 1 of the Lair of Beasts
 13258 | Lair:1   | Found a shadowy altar of Dithmenos.
 13897 | Lair:2   | Gained mutation: You have a pair of large horns on your head. [potion of beneficial mutation]
 13934 | Lair:2   | Received a gift from Okawaru
 14889 | Lair:3   | Reached XP level 13. HP: 112/116 MP: 13/13
 15905 | Lair:4   | Received a gift from Okawaru
 15911 | Lair:4   | Got a pair of pitted gloves {god gift}
 15943 | Lair:4   | Identified the +1 pair of gloves of Hopscotch {rF+ Dex+6} (Okawaru gifted it to you on level 4 of the Lair of Beasts)
 15983 | Lair:4   | Found a staircase to the Snake Pit.
 16788 | Lair:5   | Found a dark tunnel.
 16811 | Volcano  | Entered a volcano
 16914 | Volcano  | Reached skill level 13 in Long Blades
 16939 | Volcano  | Found a burning altar of Makhleb.
 17436 | Lair:5   | Found a staircase to the Shoals.
 17452 | Lair:5   | Reached skill level 10 in Dodging
 17894 | Lair:5   | Received a gift from Okawaru
 18818 | Lair:6   | Found a viscous altar of Jiyva.
 18818 | Lair:6   | Found a staircase to the Slime Pits.
 19346 | Lair:6   | Reached XP level 14. HP: 45/127 MP: 14/14
 19587 | Lair:7   | Reached skill level 14 in Long Blades
 19655 | Lair:7   | Received a gift from Okawaru
 20205 | Lair:8   | Entered Level 8 of the Lair of Beasts
 20357 | Lair:8   | Reached skill level 15 in Shields
 20534 | Lair:8   | Received a gift from Okawaru
 21420 | Lair:8   | Received a gift from Okawaru
 21438 | Lair:8   | Got a polished crystal plate armour {god gift}
 21466 | Lair:8   | Identified the +1 crystal plate armour "Zoikae" {rN+ rCorr Int+2} (Okawaru gifted it to you on level 8 of the Lair of Beasts)
 21724 | Lair:8   | Reached skill level 15 in Long Blades
 22030 | D:14     | Noticed Frances
 22056 | D:14     | Killed Frances
 22126 | D:14     | Reached XP level 15. HP: 102/136 MP: 15/15
 22533 | D:14     | Found a gate to the Vaults.
 22929 | D:15     | Entered Level 15 of the Dungeon
 22938 | D:15     | Received a gift from Okawaru
 23290 | D:15     | Reached skill level 16 in Long Blades
 23428 | D:15     | Found a staircase to the Depths.
 23676 | Orc:1    | Entered Level 1 of the Orcish Mines
 23676 | Orc:1    | Noticed Erica
 23685 | Orc:1    | Killed Erica
 23717 | Orc:2    | Entered Level 2 of the Orcish Mines
 23719 | Orc:2    | Paralysed by an orc sorcerer for 4 turns
 23728 | Orc:2    | Paralysed by an orc sorcerer for 7 turns
 23851 | Orc:1    | Found Ereunk's Jewellery Boutique.
 23857 | Orc:1    | Received a gift from Okawaru
 23880 | Orc:1    | Bought the amulet of the Four Winds {rN+ MR+++ Clar} for 448 gold pieces
 23880 | Orc:1    | Bought the amulet of Charity {Reflect Int+3 SH+2} for 574 gold pieces
 24097 | Orc:2    | Found Ijeemutoc's Antique Weapon Emporium.
 24325 | Orc:2    | Noticed Saint Roka
 24337 | Orc:2    | Found a staircase to the Elven Halls.
 24417 | Orc:1    | Noticed Nergalle
 24435 | Orc:1    | Killed Nergalle
 25308 | Orc:2    | Found a roughly hewn altar of Beogh.
 25349 | Orc:2    | Killed Saint Roka
 25536 | Orc:2    | Found Wiraacif's Antique Armour Emporium.
 25544 | Orc:2    | Found Useuth's Antique Weapon Emporium.
 25575 | Orc:2    | Found Kighek's Book Emporium.
 25642 | Orc:2    | Found Nuomep's General Store.
 25650 | Orc:2    | Bought a scroll of identify for 30 gold pieces
 26214 | Shoals:1 | Entered Level 1 of the Shoals
 26397 | Shoals:1 | Reached skill level 17 in Long Blades
 26503 | Shoals:1 | Received a gift from Okawaru
 27059 | Shoals:2 | Noticed a kraken
 27072 | Shoals:2 | Killed a kraken
 27072 | Shoals:2 | Reached XP level 16. HP: 50/147 MP: 16/16
 27728 | Shoals:2 | Noticed a kraken
 27738 | Shoals:2 | Killed a kraken
 28062 | Shoals:3 | Reached skill level 15 in Fighting
 28292 | Shoals:3 | Got a steaming scythe
 28293 | Shoals:3 | Identified the +7 scythe of Greed {slice, Int+4} (You found it on level 3 of the Shoals)
 29180 | Lair:4   | Identified a scroll of acquirement
 29183 | Lair:4   | Got a faintly glowing plate armour
 29194 | Lair:4   | Identified the +7 plate armour of Loicki Qoul {Int+7} (You acquired it on level 4 of the Lair of Beasts)
 29286 | Shoals:4 | Entered Level 4 of the Shoals
 29322 | Shoals:4 | Identified the Tome of Displaced Necromancy
 29361 | Shoals:4 | Received a gift from Okawaru
 29876 | Shoals:4 | Noticed Ilsuiw
 29895 | Shoals:4 | Reached skill level 18 in Long Blades
 29907 | Shoals:4 | HP: 5/149 [merfolk aquamancer/great wave of water (23)]
 29929 | Shoals:4 | HP: 7/149 [drowned by a water elemental[Ilsuiw] (2)]
 29934 | Shoals:4 | HP: 6/149 [drowned by a water elemental[Ilsuiw] (5)]
 29935 | Shoals:4 | Slain by a water elemental

Skill      XL: |  1  2  3  4  5  6  7  8  9 10 11 12 13 14 15 16 |
---------------+-------------------------------------------------+-----
Armour         | 4 5 6 8 9 10 11 12 13 14 | 14.5
Fighting       | 4 5 6 7 8 10 11 12 13 14 15 | 15.4
Shields        | 4 5 6 7 9 10 11 13 14 15 16 17 | 17.2
Long Blades    | 3 4 5 6 7 9 11 12 13 15 17 18 | 18.0
Dodging        | 1 2 3 4 5 6 8 9 11 12 | 12.2
Stealth        | 1 2 |  2.4
Invocations    | 1 |  1.7

Action                   |  1- 3 |  4- 6 |  7- 9 | 10-12 | 13-15 | 16-18 || total
-------------------------+-------+-------+-------+-------+-------+-------++-------
Melee: Long sword        |   108 |   101 |    80 |       |   314 |       ||   603
       Headbutt          |    12 |    19 |   107 |   246 |   445 |   101 ||   930
       Falchion          |       |       |   351 |   789 |    95 |       ||  1235
       Demon blade       |       |       |       |       |   688 |   217 ||   905
       Scimitar          |       |       |       |       |    74 |    50 ||   124
Invok: Heroism           |       |       |       |     6 |     5 |     2 ||    13
Evoke: Wand              |       |       |       |       |       |     1 ||     1
  Use: Scroll            |       |       |     8 |    17 |    11 |     4 ||    40
       Potion            |       |       |       |     3 |       |    16 ||    19
  Eat: Chunk             |       |     5 |    16 |    27 |    36 |     6 ||    90
       Fruit             |       |       |       |     2 |     2 |       ||     4
       Beef jerky        |       |       |       |       |     1 |       ||     1
       Royal jelly       |       |       |       |       |       |     1 ||     1
Armor: Scale mail        |    20 |       |       |   103 |   194 |       ||   317
       Chain mail        |    63 |    65 |   168 |   108 |       |       ||   404
       Crystal plate arm |       |       |       |       |   261 |   238 ||   499
Dodge: Dodged            |    20 |    29 |   127 |   260 |   657 |   187 ||  1280
Block: Shield            |    51 |    54 |   244 |   440 |   121 |       ||   910
       Buckler           |       |       |       |       |   410 |   167 ||   577
       Reflection        |       |       |       |       |       |     7 ||     7
